[Event "42nd Olympiad Baku 2016 Open"]
[Site "Baku"]
[Date "2016.09.02"]
[Round "1.11"]
[White "Gavarrete, Nahun"]
[Black "Hansen, Eric"]
[Result "0-1"]
[ECO "A04"]
[WhiteElo "2149"]
[BlackElo "2582"]
[PlyCount "60"]
[EventDate "2016.??.??"]
[EventCountry "AZE"]
[WhiteTeam "Honduras"]
[BlackTeam "Kanada"]
[WhiteTeamCountry "HON"]
[BlackTeamCountry "CAN"]
[TimeControl "40/5400+30:1800+30"]
[WhiteClock "0:09:34"]
[BlackClock "0:08:09"]

1. Nf3 {(00:00} g6 {(00:00} 2. g3 {(00:06} Bg7 {
(00:03} 3. Bg2 {(00:46} c5 {(06:05} 4. O-O {(00:
19} Nc6 {(00:06} 5. e4 {(01:58} e5 {(00:37} 6. c3 {
(01:18} d6 {(08:45} 7. d3 {(01:10} Nge7 {(00:16]
} 8. Nbd2 {(00:45} O-O {(00:36} 9. a4 {(06:35} h6 {
(06:04} 10. Nc4 {(02:24} f5 {(01:50} 11. Re1 {(
14:20} Be6 {(02:29} 12. exf5 {(10:09} gxf5 {(00:08}
13. Qe2 {(05:46} Qd7 {(16:43} 14. Rb1 {(00:14} Rae8 {
(01:11} 15. Bd2 {(07:29} Ng6 {(06:38} 16. Kh1 {(
09:42} d5 {(00:40} 17. Na3 {(02:48} e4 {(00:28} 18.
Ng1 {(01:11} Nge5 {(09:52} 19. dxe4 {(03:06} fxe4 {
(01:36} 20. Be3 {(01:35} d4 {(01:04} 21. cxd4 {(
01:05} cxd4 {(08:48} 22. Bf4 {(09:47} Nd3 {(00:09} 23.
Bxe4 {(00:44} Nxe1 {(00:14} 24. Rxe1 {(01:10} Bd5 {
(00:05} 25. f3 {(03:30} Ne5 {(04:53} 26. Qd2 {(
01:31} Bxe4 {(02:23} 27. fxe4 {(00:36} Kh7 {(10:38}
28. b3 {(01:22} Ng6 {(00:31} 29. Nc4 {(01:18} Qc6 {
(03:29} 30. Nd6 {(02:42} Rxf4 {(00:30} 0-1

[Event "42nd Olympiad Baku 2016 Open"]
[Site "Baku"]
[Date "2016.09.02"]
[Round "1.15"]
[White "Gebregziabher, Brehane Gebre Mic"]
[Black "Gretarsson, Hjorvar Steinn"]
[Result "0-1"]
[ECO "A50"]
[WhiteElo "1933"]
[BlackElo "2547"]
[PlyCount "118"]
[EventDate "2016.??.??"]
[EventCountry "AZE"]
[WhiteTeam "Äthiopien"]
[BlackTeam "Island"]
[WhiteTeamCountry "ETH"]
[BlackTeamCountry "ISL"]
[TimeControl "40/5400+30:1800+30"]
[WhiteClock "0:03:24"]
[BlackClock "0:02:23"]

1. d4 {(00:00} Nf6 {(00:00} 2. c4 {(00:09} b6 {(
00:11} 3. Nf3 {(01:31} Bb7 {(00:09} 4. Nc3 {(01:24} e6
{(01:34} 5. Bg5 {(01:22} h6 {(00:34} 6. Bxf6 {(
13:13} Qxf6 {(00:07} 7. Rc1 {(04:56} Bxf3 {(03:16} 8.
gxf3 {(01:18} Nc6 {(00:33} 9. e3 {(01:34} Bb4 {(
00:47} 10. a3 {(01:47} Bxc3+ {(00:14} 11. Rxc3 {(00:18]
} e5 {(01:25} 12. dxe5 {(04:31} Nxe5 {(01:07} 13. Be2 {
(01:52} Rd8 {(03:22} 14. f4 {(02:36} Ng6 {(00:
27} 15. Bd3 {(00:50} Nh4 {(02:27} 16. Be4 {(01:37} O-O
{(04:58} 17. Qg4 {(10:38} Rfe8 {(01:15} 18. Bf3 {
(04:36} c6 {(04:12} 19. O-O {(00:32} Re6 {(04:
12} 20. Kh1 {(00:39} Qe7 {(05:34} 21. Rd1 {(02:06} f5
{(01:38} 22. Qh3 {(00:30} g5 {(01:35} 23. Bg2 {(
04:12} Kh8 {(06:25} 24. fxg5 {(03:21} hxg5 {(01:04}
25. Rcc1 {(02:42} Rh6 {(02:55} 26. Rd4 {(02:12} c5 {
(08:40} 27. Rd2 {(00:58} d6 {(04:07} 28. Rcd1 {(
04:31} Qf6 {(11:39} 29. Bd5 {(05:48} Kg7 {(04:51} 30.
Qg3 {(00:41} Ng6 {(00:53} 31. f4 {(01:03} gxf4 {
(05:02} 32. exf4 {(00:20} Qh4 {(02:56} 33. Qc3+ {
(03:13} Qf6 {(01:25} 34. Qf3 {(00:24} Kh7 {(02:
46} 35. Re1 {(02:35} Qh4 {(01:12} 36. Rf2 {(01:47} Rd7
{(03:14} 37. Re6 {(06:47} Nf8 {(06:53} 38. Re8 {
(02:56} Re7 {(00:48} 39. Rxe7+ {(00:40} Qxe7 {(
00:02} 40. Re2 {(00:00} Qf6 {(00:00} 41. Qe3 {(02:04}
Rg6 {(06:07} 42. Qe8 {(02:15} Qg7 {(10:23} 43. Qe3 {
(00:44} Qf6 {(03:58} 44. Qe8 {(02:47} Qg7 {(01:
40} 45. Bg2 {(05:03} Qg8 {(06:36} 46. Qe7+ {(05:49}
Qg7 {(02:56} 47. Qh4+ {(00:35} Rh6 {(01:38} 48. Qe1 {
(05:54} Ng6 {(00:22} 49. Bd5 {(00:14} Rh4 {(01:
39} 50. Re3 {(03:05} Qxb2 {(00:49} 51. Re7+ {(01:31}
Kh6 {(00:17} 52. Re2 {(00:03} Qd4 {(01:48} 53. Re6 {
(00:30} Rxf4 {(00:58} 54. Rxg6+ {(01:56} Kxg6 {(
00:02} 55. Qe8+ {(00:11} Kh6 {(01:19} 56. Qf8+ {(00:15]
} Qg7 {(00:47} 57. Qxd6+ {(05:36} Kg5 {(00:11} 58. Qd8+
{(00:51} Kg4 {(00:26} 59. h4 {(04:34} Kg3 {(00:
42} 0-1

[Event "42nd Olympiad Baku 2016 Open"]
[Site "Baku"]
[Date "2016.09.02"]
[Round "1.3"]
[White "Gelashvili, Tamaz"]
[Black "Sie Thu"]
[Result "1-0"]
[ECO "B20"]
[WhiteElo "2575"]
[BlackElo "2148"]
[PlyCount "91"]
[EventDate "2016.??.??"]
[EventCountry "AZE"]
[WhiteTeam "Georgien"]
[BlackTeam "Myanmar"]
[WhiteTeamCountry "GEO"]
[BlackTeamCountry "MYA"]
[TimeControl "40/5400+30:1800+30"]
[WhiteClock "0:50:39"]
[BlackClock "0:24:28"]

1. e4 {(00:00} c5 {(00:00} 2. b3 {(00:00} Nc6 {(
00:31} 3. Bb2 {(00:00} d6 {(00:21} 4. Bb5 {(00:00} a6
{(02:58} 5. Bxc6+ {(00:00} bxc6 {(00:02} 6. f4 {
(00:39} e5 {(01:20} 7. Nf3 {(01:40} exf4 {(04:
28} 8. O-O {(00:06} Bg4 {(00:26} 9. Qe1 {(01:10} Nh6 {
(02:54} 10. h3 {(02:45} Bxf3 {(12:41} 11. Rxf3 {
(00:08} Qg5 {(00:44} 12. Qf2 {(01:23} Be7 {(00:
39} 13. Rxf4 {(00:13} O-O {(00:56} 14. Rf3 {(02:04}
Qh5 {(03:33} 15. g4 {(04:32} Qg6 {(06:54} 16. d3 {
(01:23} d5 {(06:40} 17. Nd2 {(00:53} Bg5 {(02:
09} 18. Rf1 {(03:07} Rad8 {(10:14} 19. e5 {(00:33}
Rfe8 {(09:00} 20. Kh1 {(06:06} Qe6 {(05:10} 21. Rg1 {
(08:06} Bxd2 {(01:51} 22. Qxd2 {(00:08} d4 {(00:
26} 23. Qf4 {(06:47} Kh8 {(03:34} 24. g5 {(04:44} Ng8
{(00:10} 25. Qxf7 {(00:17} Qxe5 {(01:25} 26. Qf5 {
(07:27} Qe2 {(03:04} 27. Rf2 {(04:50} Qe3 {(03:
40} 28. Bc1 {(02:08} Qe7 {(08:41} 29. Rgf1 {(01:38}
Rd5 {(04:14} 30. Qg4 {(04:41} Re5 {(01:37} 31. Bf4 {
(00:19} Re1 {(01:24} 32. Rxe1 {(01:28} Qxe1+ {(
00:03} 33. Kg2 {(00:05} Re6 {(01:53} 34. Rf1 {(02:23}
Qe2+ {(01:44} 35. Qxe2 {(00:07} Rxe2+ {(00:08} 36. Rf2
{(00:04} Re6 {(00:13} 37. Kf3 {(02:41} Ne7 {(01:
59} 38. Re2 {(00:27} Rxe2 {(00:01} 39. Kxe2 {(00:09}
Nc8 {(00:41} 40. Kf3 {(00:00} Kg8 {(00:00} 41. Ke4 {
(02:28} Kf7 {(00:28} 42. b4 {(05:19} cxb4 {(03:
14} 43. Kxd4 {(00:06} Ke6 {(03:34} 44. Kc5 {(03:22}
Ne7 {(00:28} 45. Bd2 {(04:28} a5 {(01:50} 46. c3 {
(01:27} 1-0

[Event "42nd Olympiad Baku 2016 Open"]
[Site "Baku"]
[Date "2016.09.02"]
[Round "1.29"]
[White "Gemy, Jose Daniel"]
[Black "Adhiban, B."]
[Result "0-1"]
[ECO "A48"]
[WhiteElo "2384"]
[BlackElo "2671"]
[PlyCount "104"]
[EventDate "2016.??.??"]
[EventCountry "AZE"]
[WhiteTeam "Bolivien"]
[BlackTeam "Indien"]
[WhiteTeamCountry "BOL"]
[BlackTeamCountry "IND"]
[TimeControl "40/5400+30:1800+30"]
[WhiteClock "0:05:10"]
[BlackClock "0:06:16"]

1. d4 {(00:00} Nf6 {(00:00} 2. Nf3 {(00:00} g6 {
(00:00} 3. Bg5 {(00:23} Bg7 {(00:00} 4. Nbd2 {(
00:16} O-O {(01:24} 5. e4 {(00:15} d5 {(00:06} 6. Bd3
{(04:24} dxe4 {(01:17} 7. Nxe4 {(00:20} Nxe4 {(
00:56} 8. Bxe4 {(00:08} c5 {(02:06} 9. c3 {(00:36}
cxd4 {(05:26} 10. Nxd4 {(01:01} Qa5 {(08:24} 11. h4 {
(12:39} Nd7 {(05:08} 12. Nb3 {(03:55} Qe5 {(06:
03} 13. Qd5 {(05:38} Qxd5 {(05:48} 14. Bxd5 {(00:12}
Nb6 {(00:21} 15. Bf3 {(00:28} h6 {(01:19} 16. Bf4 {
(03:55} a5 {(09:39} 17. a4 {(05:23} Be6 {(03:58]
} 18. Nd4 {(11:05} Bd5 {(04:49} 19. Bxd5 {(03:09} Nxd5
{(00:02} 20. Bd2 {(00:14} Rfc8 {(08:52} 21. Nb5 {
(05:17} Rc4 {(05:50} 22. b3 {(05:18} Re4+ {(01:
07} 23. Kf1 {(00:08} Rd8 {(00:06} 24. Re1 {(00:21} Nf6
{(03:02} 25. Be3 {(08:05} Nd5 {(00:06} 26. Bd2 {
(00:22} Nf6 {(00:13} 27. Be3 {(03:05} Re6 {(01:
43} 28. Ke2 {(04:47} Ne4 {(04:30} 29. Rd1 {(05:13} Rc8
{(01:28} 30. c4 {(04:16} f5 {(01:24} 31. Kf3 {(
02:10} g5 {(05:17} 32. hxg5 {(00:14} hxg5 {(01:13} 33.
g4 {(05:23} fxg4+ {(02:28} 34. Kxg4 {(01:20} Rf8 {
(00:14} 35. Rhe1 {(03:24} Rh6 {(04:36} 36. Rh1 {
(02:42} Rxh1 {(00:38} 37. Rxh1 {(00:01} Rxf2 {(
00:09} 38. Rd1 {(00:28} Kf7 {(03:30} 39. Rd8 {(02:09}
Rb2 {(04:50} 40. Kf5 {(00:00} Ng3+ {(00:00} 41. Kg4 {
(10:12} Rxb3 {(01:43} 42. Bxg5 {(00:06} Ne4 {(
01:46} 43. Rd7 {(00:46} Bf6 {(25:38} 44. Rxb7 {(09:00}
Bxg5 {(00:16} 45. Nd6+ {(00:19} Nxd6 {(00:02} 46. Rxb3
{(00:05} Bd2 {(00:07} 47. c5 {(01:00} Nc4 {(00:
59} 48. Rb5 {(06:14} Ke6 {(00:25} 49. c6 {(00:27} Bb4
{(00:19} 50. Rh5 {(03:39} Kd6 {(00:21} 51. Rh6+ {
(00:10} Kc7 {(00:04} 52. Kf4 {(00:08} Bd2+ {(00:
02} 0-1

[Event "42nd Olympiad Baku 2016 Open"]
[Site "Baku"]
[Date "2016.09.02"]
[Round "1.22"]
[White "Georgiadis, Nico"]
[Black "Liu, Yeh Yang"]
[Result "1-0"]
[ECO "A59"]
[WhiteElo "2475"]
[BlackElo "2009"]
[PlyCount "95"]
[EventDate "2016.??.??"]
[EventCountry "AZE"]
[WhiteTeam "Schweiz"]
[BlackTeam "Taiwan"]
[WhiteTeamCountry "SUI"]
[BlackTeamCountry "TPE"]
[TimeControl "40/5400+30:1800+30"]
[WhiteClock "0:15:39"]
[BlackClock "0:06:20"]

1. d4 {(00:00} Nf6 {(00:00} 2. c4 {(00:00} c5 {(
00:00} 3. d5 {(00:00} b5 {(00:00} 4. cxb5 {(00:02} a6
{(00:00} 5. bxa6 {(00:13} Bxa6 {(00:00} 6. Nc3 {
(00:20} d6 {(00:00} 7. e4 {(00:33} Bxf1 {(00:02]
} 8. Kxf1 {(00:06} g6 {(00:08} 9. Nf3 {(00:13} Bg7 {
(00:03} 10. g3 {(00:08} O-O {(00:04} 11. Kg2 {(
00:09} Nbd7 {(00:09} 12. a4 {(00:07} Ra6 {(00:44} 13.
Re1 {(00:56} Ng4 {(02:34} 14. Nd2 {(09:55} Ngf6 {
(06:10} 15. Ra3 {(08:46} Qa8 {(01:30} 16. Nb5 {(
17:58} Rc8 {(00:08} 17. Nc4 {(04:45} Nb6 {(00:18} 18.
Nxb6 {(04:30} Rxb6 {(00:02} 19. Qe2 {(00:30} Ne8 {
(03:18} 20. Qc2 {(15:35} Nc7 {(00:16} 21. Nc3 {(
02:23} Rcb8 {(00:43} 22. Nd1 {(08:04} e6 {(03:31} 23.
dxe6 {(00:18} Nxe6 {(00:02} 24. Nc3 {(09:17} Nd4 {
(14:21} 25. Qd1 {(03:37} Qa5 {(02:02} 26. Nd5 {(
02:49} Rb3 {(06:27} 27. Re3 {(02:27} Rxa3 {(04:18} 28.
Rxa3 {(00:07} Re8 {(00:14} 29. Bd2 {(02:31} Qa7 {
(08:46} 30. f3 {(02:21} f5 {(01:58} 31. Re3 {(
04:34} fxe4 {(08:28} 32. fxe4 {(01:08} Ra8 {(02:10}
33. b3 {(01:07} Rf8 {(03:47} 34. Re1 {(00:39} Qf7 {
(19:13} 35. Be3 {(00:08} Nc6 {(00:43} 36. Rf1 {(
00:24} Qe6 {(00:02} 37. Rxf8+ {(00:09} Bxf8 {(00:20}
38. Qc2 {(01:06} Bg7 {(00:28} 39. Nf4 {(00:51} Qe8 {
(02:40} 40. Qc4+ {(00:00} Kh8 {(00:00} 41. Qd5 {
(09:22} Be5 {(01:32} 42. Nd3 {(02:48} Nd4 {(15:
42} 43. Nxe5 {(03:48} dxe5 {(03:54} 44. a5 {(01:14}
Qb8 {(19:41} 45. a6 {(00:49} c4 {(00:38} 46. Bxd4 {
(01:01} exd4 {(00:02} 47. Qxd4+ {(00:12} Kg8 {(
00:02} 48. a7 {(00:21} 1-0

[Event "42nd Olympiad Baku 2016 Open"]
[Site "Baku"]
[Date "2016.09.02"]
[Round "1.20"]
[White "Ghaem Maghami, Ehsan"]
[Black "Mosenya, Ndawana"]
[Result "1-0"]
[ECO "B22"]
[WhiteElo "2566"]
[BlackElo "2003"]
[PlyCount "94"]
[EventDate "2016.??.??"]
[EventCountry "AZE"]
[WhiteTeam "Iran"]
[BlackTeam "Botswana"]
[WhiteTeamCountry "IRI"]
[BlackTeamCountry "BOT"]
[TimeControl "40/5400+30:1800+30"]
[WhiteClock "0:33:45"]
[BlackClock "0:34:56"]

1. e4 {(00:00} c5 {(00:00} 2. c3 {(00:06} Nf6 {(
02:17} 3. e5 {(00:09} Nd5 {(00:05} 4. Bc4 {(00:19} Nb6
{(02:59} 5. Bb3 {(01:32} Nc6 {(09:38} 6. Nf3 {(
00:14} d6 {(09:35} 7. exd6 {(01:21} Qxd6 {(00:22} 8.
d4 {(03:16} cxd4 {(01:50} 9. cxd4 {(01:29} Be6 {
(02:19} 10. O-O {(06:23} Bxb3 {(02:09} 11. Qxb3 {
(00:25} e6 {(01:18} 12. Nc3 {(00:18} Be7 {(01:
55} 13. Nb5 {(04:27} Qb8 {(04:49} 14. g3 {(01:33} Qd8
{(15:06} 15. Be3 {(07:31} O-O {(01:27} 16. Ne5 {
(05:20} Nd5 {(05:54} 17. Rac1 {(09:39} a6 {(11:
21} 18. Nxc6 {(16:19} bxc6 {(00:06} 19. Na3 {(00:18}
Rb8 {(03:34} 20. Qa4 {(03:00} Nxe3 {(06:00} 21. fxe3 {
(00:20} Qd5 {(01:19} 22. Nc4 {(16:12} c5 {(00:
41} 23. dxc5 {(01:28} Bxc5 {(00:11} 24. Qc2 {(00:49}
Rb4 {(04:08} 25. Rfe1 {(08:51} Qg5 {(01:33} 26. Qe4 {
(01:05} Ba7 {(01:43} 27. Kg2 {(01:25} Qd5 {(00:
17} 28. Kf3 {(03:33} g5 {(03:37} 29. h3 {(02:02} f5 {
(02:19} 30. Qxd5 {(00:10} exd5 {(00:07} 31. Nd6 {
(02:01} g4+ {(01:17} 32. Kf2 {(01:57} Bb8 {(03:
10} 33. Nc8 {(01:10} Rxb2+ {(00:20} 34. Re2 {(00:29}
Bxg3+ {(00:08} 35. Kf1 {(00:23} Rxe2 {(00:13} 36. Kxe2
{(00:06} Re8 {(00:18} 37. hxg4 {(00:32} fxg4 {(
00:07} 38. Rg1 {(00:22} Rxc8 {(00:14} 39. Rxg3 {(00:03]
} h5 {(00:09} 40. Kd3 {(00:00} Rc4 {(00:00} 41. Rg1 {
(00:56} h4 {(02:00} 42. Rf1 {(00:25} h3 {(00:57]
} 43. Rf5 {(00:43} h2 {(00:11} 44. Rh5 {(00:26} g3 {
(00:06} 45. Ke2 {(00:06} g2 {(00:26} 46. Rg5+ {(
00:22} Kf7 {(00:06} 47. Rxg2 {(00:10} h1=Q {(00:13}
1-0

[Event "42nd Olympiad Baku 2016 Open"]
[Site "Baku"]
[Date "2016.09.02"]
[Round "1.36"]
[White "Ghanem, Al Shamari"]
[Black "Shaker, Musab"]
[Result "1-0"]
[ECO "D02"]
[WhiteElo "1574"]
[BlackElo "1726"]
[PlyCount "101"]
[EventDate "2016.??.??"]
[EventCountry "AZE"]
[WhiteTeam "Katar"]
[BlackTeam "Brunei"]
[WhiteTeamCountry "QAT"]
[BlackTeamCountry "BRN"]
[TimeControl "40/5400+30:1800+30"]
[WhiteClock "0:33:13"]
[BlackClock "0:00:59"]

1. d4 {(00:00} d5 {(00:00} 2. Nf3 {(00:00} Nf6 {
(00:00} 3. Bf4 {(00:03} c5 {(00:09} 4. e3 {(00:
28} Nc6 {(00:41} 5. Be2 {(00:41} Bf5 {(13:15} 6. c3 {
(03:59} Qb6 {(05:27} 7. Qc1 {(06:30} e6 {(03:07]
} 8. h3 {(02:41} Be7 {(04:03} 9. Nbd2 {(00:57} h6 {
(02:06} 10. O-O {(00:17} O-O {(02:32} 11. Re1 {(
07:34} Rac8 {(07:17} 12. Ne5 {(11:33} cxd4 {(07:19}
13. Nxc6 {(00:14} Rxc6 {(00:41} 14. exd4 {(00:38} Bd6 {
(14:52} 15. Bxd6 {(14:22} Rxd6 {(00:07} 16. Nf3 {
(01:10} Rc8 {(05:05} 17. Ne5 {(02:43} Qc7 {(05:
26} 18. Qe3 {(04:23} Rb6 {(01:55} 19. Qc1 {(05:19} Nd7
{(04:28} 20. f4 {(06:09} Nf6 {(02:31} 21. Bf3 {(
02:29} Qe7 {(05:47} 22. g4 {(01:54} Be4 {(09:07} 23.
g5 {(01:39} Nh7 {(04:38} 24. Bxe4 {(01:19} dxe4 {
(00:04} 25. g6 {(01:27} fxg6 {(00:47} 26. Nxg6 {
(02:56} Qf7 {(00:47} 27. Ne5 {(00:28} Qf5 {(00:
22} 28. Kh2 {(01:42} Nf6 {(00:47} 29. Rb1 {(01:31} Nh5
{(00:32} 30. Rf1 {(01:52} Ra6 {(00:07} 31. a3 {(
00:37} Rf8 {(00:03} 32. Qe3 {(01:31} Kh7 {(00:45} 33.
Rbe1 {(00:41} Nf6 {(01:09} 34. Nc4 {(01:32} Qh5 {
(00:23} 35. Qe2 {(01:12} Qf5 {(00:28} 36. Nd2 {(
01:07} Rb6 {(00:23} 37. b3 {(01:53} Qa5 {(00:47} 38.
Nc4 {(01:05} Qxc3 {(00:25} 39. Nxb6 {(00:36} axb6 {
(00:04} 40. Qe3 {(00:00} Qa5 {(00:00} 41. Rg1 {(
02:45} Qxa3 {(12:05} 42. Qg3 {(01:32} Qe7 {(03:40} 43.
Qg6+ {(00:38} Kh8 {(00:07} 44. Rg2 {(01:18} Rf7 {
(06:45} 45. Rc1 {(00:27} Rf8 {(03:43} 46. Rgc2 {
(02:24} Nd5 {(00:15} 47. Rc8 {(01:01} Nxf4 {(01:
09} 48. Qxe4 {(00:42} Nh5 {(03:16} 49. Qe5 {(02:38}
Qh4 {(04:32} 50. Rxf8+ {(00:29} Kh7 {(00:03} 51. Qe3 {
(01:11} 1-0

[Event "42nd Olympiad Baku 2016 Open"]
[Site "Baku"]
[Date "2016.09.02"]
[Round "1.28"]
[White "Giron, David"]
[Black "Bauer, Christian"]
[Result "0-1"]
[ECO "B06"]
[WhiteElo "2174"]
[BlackElo "2623"]
[PlyCount "106"]
[EventDate "2016.??.??"]
[EventCountry "AZE"]
[WhiteTeam "Guatemala"]
[BlackTeam "Frankreich"]
[WhiteTeamCountry "GUA"]
[BlackTeamCountry "FRA"]
[TimeControl "40/5400+30:1800+30"]
[WhiteClock "0:06:24"]
[BlackClock "0:11:10"]

1. e4 {(00:00} g6 {(00:00} 2. d4 {(00:00} Bg7 {(
00:00} 3. Nc3 {(00:03} a6 {(00:12} 4. a4 {(03:38} d6 {
(01:08} 5. Nf3 {(01:06} Nf6 {(03:01} 6. h3 {(02:
55} O-O {(00:25} 7. Be2 {(03:05} Nc6 {(07:47} 8. d5 {
(06:39} Nb4 {(02:49} 9. O-O {(02:20} e6 {(07:05]
} 10. dxe6 {(02:57} Bxe6 {(00:15} 11. Nd4 Bd7 {(00:48}
12. Re1 {(05:36} Re8 {(00:48} 13. Bf3 {(07:11} h6 {
(14:28} 14. Be3 {(21:09} Nh7 {(07:13} 15. Nd5 Nxd5 {
(05:14} 16. exd5 {(10:03} Qh4 {(06:34} 17. c3 {(
05:37} Ng5 {(10:16} 18. Bg4 {(03:53} Bxg4 {(01:31} 19.
Qxg4 {(00:41} Qxg4 {(00:14} 20. hxg4 {(00:02} Ne4 {
(01:10} 21. c4 {(19:20} Nc5 {(06:54} 22. Red1 {(
03:00} Re4 {(02:14} 23. b4 {(00:29} Nd7 {(01:14} 24.
Rac1 {(00:15} Ne5 {(02:58} 25. c5 {(01:38} Nxg4 {
(00:38} 26. cxd6 {(00:05} cxd6 {(00:22} 27. Rc7 {
(00:21} Rae8 {(02:39} 28. Nc2 {(01:25} Nxe3 {(
02:22} 29. fxe3 {(00:19} R8e7 {(00:36} 30. Rc8+ {(00:
17} Kh7 {(00:10} 31. Kf2 {(00:18} h5 {(04:07} 32. Kf3
{(00:22} Rg4 {(03:11} 33. a5 {(01:14} Bf6 {(04:
19} 34. Rd3 {(00:31} Bh4 {(00:59} 35. Rd4 {(00:29}
Rg3+ {(01:54} 36. Kf2 {(00:06} g5 {(00:21} 37. Kf1 {
(00:11} g4 {(01:19} 38. Rdc4 {(00:05} Rgxe3 {(
00:50} 39. Nxe3 {(00:31} Rxe3 {(00:01} 40. Rc1 {(00:00]
} Rb3 {(00:00} 41. R8c4 {(08:09} Bg5 {(06:18} 42. Re1 {
(10:39} Kg6 {(05:33} 43. Re8 {(04:34} Rb1+ {(03:
45} 44. Re1 {(00:29} Rb2 {(01:43} 45. Re2 {(04:14} Bd2
{(02:35} 46. Re7 {(02:11} Rb1+ {(01:27} 47. Kf2 {
(00:06} Bxb4 {(01:26} 48. Rxb7 {(00:24} Be1+ {(
00:18} 49. Ke2 {(00:03} Rxb7 {(00:06} 50. Kxe1 {(00:01]
} Rb5 {(01:43} 51. Rc6 {(00:06} Rxa5 {(00:37} 52. Rxd6+
{(00:07} Kf5 {(00:56} 53. Rd7 {(01:12} f6 {(00:
47} 0-1

[Event "42nd Olympiad Baku 2016 Open"]
[Site "Baku"]
[Date "2016.09.02"]
[Round "1.31"]
[White "Giron, Jorge Ernesto"]
[Black "Can, Emre"]
[Result "0-1"]
[ECO "B35"]
[WhiteElo "2208"]
[BlackElo "2565"]
[PlyCount "68"]
[EventDate "2016.??.??"]
[EventCountry "AZE"]
[WhiteTeam "El Salvador"]
[BlackTeam "Türkei"]
[WhiteTeamCountry "ESA"]
[BlackTeamCountry "TUR"]
[TimeControl "40/5400+30:1800+30"]
[WhiteClock "0:14:45"]
[BlackClock "0:10:11"]

1. e4 {(00:40} c5 {(01:59} 2. Nf3 {(00:30} Nc6 {
(00:30} 3. d4 {(00:30} cxd4 {(00:18} 4. Nxd4 {(
00:08} g6 {(00:27} 5. Nc3 {(00:18} Bg7 {(00:18} 6. Be3
{(00:08} Nf6 {(01:03} 7. Bc4 {(00:50} Qa5 {(00:
41} 8. O-O {(02:59} O-O {(00:55} 9. Bb3 {(01:23} d6 {
(00:20} 10. h3 {(00:12} Bd7 {(00:19} 11. f4 {(
05:51} Nxd4 {(02:21} 12. Bxd4 {(00:07} Bc6 {(00:09}
13. Re1 {(03:17} Rac8 {(19:16} 14. Nd5 {(09:38} Rfe8 {
(04:48} 15. c4 {(13:47} Nd7 {(03:51} 16. Bxg7 {(
06:52} Kxg7 {(00:07} 17. Qd4+ {(01:20} e5 {(07:17} 18.
Qf2 {(03:51} Bxd5 {(04:46} 19. cxd5 {(00:06} exf4 {
(10:28} 20. Qxf4 {(00:25} Ne5 {(00:23} 21. Rf1 {
(00:18} Qd8 {(02:15} 22. Rad1 {(06:47} Qe7 {(05:
01} 23. Rd2 {(00:42} Rc7 {(02:43} 24. Qe3 {(02:24} b5
{(04:00} 25. Qd4 {(02:27} Rec8 {(03:03} 26. Qb4 {
(08:55} Rc5 {(01:53} 27. Rdf2 {(00:18} Qc7 {(03:
05} 28. Kh2 {(06:16} Kg8 {(01:35} 29. Rf6 {(00:59} a5
{(02:33} 30. Qd2 {(00:19} a4 {(03:14} 31. Bd1 {(
00:31} Qe7 {(01:38} 32. Qf4 {(04:24} Rc1 {(02:12} 33.
h4 {(04:49} Rxd1 {(02:51} 34. Rxd1 {(00:14} Qxf6 0-1

[Event "42nd Olympiad Baku 2016 Open"]
[Site "Baku"]
[Date "2016.09.02"]
[Round "1.16"]
[White "Gonzalez Vidal, Yuri"]
[Black "Alfaro, William"]
[Result "1/2-1/2"]
[ECO "A04"]
[WhiteElo "2553"]
[BlackElo "2188"]
[PlyCount "81"]
[EventDate "2016.??.??"]
[EventCountry "AZE"]
[WhiteTeam "Kuba"]
[BlackTeam "Nicaragua"]
[WhiteTeamCountry "CUB"]
[BlackTeamCountry "NCA"]
[TimeControl "40/5400+30:1800+30"]
[WhiteClock "0:18:17"]
[BlackClock "0:51:47"]

1. Nf3 {(00:00} c5 {(00:18} 2. c4 {(00:00} Nc6 {
(01:00} 3. Nc3 {(00:07} g6 {(00:07} 4. e3 {(01:
06} d6 {(12:39} 5. d4 {(02:31} cxd4 {(03:28} 6. exd4 {
(01:05} Bg4 {(00:05} 7. Be2 {(02:17} Bg7 {(01:
58} 8. d5 {(03:57} Bxf3 {(01:39} 9. Bxf3 {(00:35} Ne5
{(00:04} 10. Be2 {(01:45} a6 {(07:01} 11. O-O {(
08:16} Rc8 {(00:30} 12. Qb3 {(01:21} Qc7 {(00:20} 13.
Be3 {(15:10} Nf6 {(05:10} 14. Rac1 {(02:44} O-O {
(01:21} 15. Na4 {(02:05} Ne4 {(03:56} 16. Qc2 {(
13:01} f5 {(04:49} 17. Nb6 {(17:44} Rb8 {(11:22} 18.
f4 {(02:14} Nd7 {(00:50} 19. Nxd7 {(00:35} Qxd7 {
(00:04} 20. Bf3 {(03:20} b5 {(00:38} 21. Bxe4 {(
01:15} fxe4 {(00:08} 22. b3 {(01:24} Qf5 {(04:55} 23.
Rfd1 {(01:12} Rfc8 {(03:14} 24. Qe2 {(00:40} bxc4 {
(01:22} 25. Rxc4 {(03:28} Rxc4 {(00:51} 26. Qxc4 {
(03:36} Rc8 {(00:20} 27. Qxa6 {(01:53} Rc2 {(00:
06} 28. h3 {(01:37} Qh5 {(02:12} 29. Qf1 {(07:18} Rxa2
{(00:14} 30. b4 {(00:40} Qe2 {(04:45} 31. Qxe2 {
(00:57} Rxe2 {(00:05} 32. Bd4 {(00:28} Bxd4+ {(
02:39} 33. Rxd4 {(00:02} e3 {(00:21} 34. Re4 {(00:29}
Re1+ {(01:03} 35. Kh2 {(00:01} Kf7 {(00:08} 36. Kg3 {
(00:37} Rd1 {(02:50} 37. Kf3 {(00:54} Rxd5 {(00:
17} 38. Kxe3 {(00:24} Rd1 {(00:33} 39. Rc4 {(00:40}
Rg1 {(03:20} 40. Kf3 {(00:00} Rb1 {(00:00} 41. Ke3 {
(14:45} 1/2-1/2